 Dungeon Crawl Stone Soup version 0.31-a0-844-gdc52ec4e09 (webtiles) character file.

Game seed: 1979789744981817819

34897 12345 the Markself (level 13, -1/78 HPs)
             Began as a Deep Elf Hunter on Sept 29, 2023.
             Was a High Priest of Fedhas.
             Slain by a catoblepas (24 damage)
             ... on level 3 of the Lair of Beasts.
             The game lasted 00:57:04 (20958 turns).

12345 the Markself (Deep Elf Hunter)               Turns: 20958, Time: 00:57:05

Health: -1/78      AC:  9    Str: 12    XL:     13   Next: 44%
Magic:  26/27      EV: 22    Int: 16    God:    Fedhas [*****.]
Gold:   266        SH:  0    Dex: 25    Spells: 16/28 levels left

rFire   . . .        a - +2 hand cannon (flame)
rCold   + . .        (no shield)
rNeg    . . .        T - +2 robe {rC+}
rPois   +            r - +0 helmet
rElec   .            J - +0 cloak {Will+}
rCorr   +            V - +2 pair of gloves of Defiance {Str+4}
SInv    .            (no boots)
Will    ++...        C - amulet "Haehuec" {Acrobat Dex+3}
Stlth   ++++++       x - ring of poison resistance
HPRegen 0.33/turn    n - ring of resist corrosion
MPRegen 0.20/turn

%: acrobat
@: no status effects
A: no striking features
a: Renounce Religion, Wall of Briars, Grow Ballistomycete, Overgrow, Grow Oklob


You were on level 3 of the Lair of Beasts.
You worshipped Fedhas.
Fedhas was extremely pleased with you.
You visited 3 branches of the dungeon, and saw 16 of its levels.
You visited 1 bazaar.
You also visited: Gauntlet.

You collected 1033 gold pieces.
You spent 767 gold pieces at shops.

Inventory:

Hand Weapons
 a - a +2 hand cannon of flaming (weapon)
 b - a +3 rapier of venom
 w - a +0 orcbow
 Y - the +2 hammer of Dismemberment {heavy, Fly rN+++ Int-2 SInv}
   (You found it on level 4 of the Dungeon)

   Int-2:     It affects your intelligence (-2).
   rN+++:     It renders you almost immune to negative energy.
   SInv:      It lets you see invisible.
   Fly:       It grants you flight.
Missiles
 o - 35 poisoned darts
 E - a throwing net
Armour
 h - a scarf of repulsion
 r - a +0 helmet (worn)
 J - a +0 cloak of willpower (worn)
 R - a +2 robe of willpower
 T - a +2 robe of cold resistance (worn)
 U - a +0 troll leather armour
 V - the +2 pair of gloves of Defiance (worn) {Str+4}
   (You found it in a Gauntlet)

   Str+4:     It affects your strength (+4).
Jewellery
 n - a ring of resist corrosion (right hand)
 u - an amulet of reflection
 x - a ring of poison resistance (left hand)
 C - the amulet "Haehuec" (around neck) {Acrobat Dex+3}
   (You bought it in a shop in a bazaar)

   [amulet of the acrobat]

   Acrobat:   It increases your evasion while moving and waiting.
   Dex+3:     It affects your dexterity (+3).
 N - a ring of ice
 P - the ring of Zin's Castigation {*Corrode rPois Will+ Str+5 Int+6}
   (You bought it in a shop on level 3 of the Dungeon)

   [ring of intelligence]

   Str+5:     It affects your strength (+5).
   Int+6:     It affects your intelligence (+6).
   rPois:     It protects you from poison Will+: It increases your willpower.
   *Corrode:  It may corrode you when you take damage.
 Q - a +6 ring of intelligence
Wands
 G - a wand of roots (4)
 O - a wand of charming (6)
 S - a wand of acid (11)
 W - a wand of flame (12)
Scrolls
 d - 8 scrolls of teleportation
 f - a scroll of butterflies
 j - a scroll of revelation
 l - 4 scrolls of fog
 q - a scroll of immolation
 s - a scroll of summoning
 y - 4 scrolls of blinking
 A - a scroll of fear {unknown}
 H - a scroll of brand weapon {unknown}
 I - a scroll of vulnerability
 L - a scroll of enchant weapon {unknown}
Potions
 c - 3 potions of brilliance
 e - a potion of ambrosia
 g - 2 potions of attraction
 i - 5 potions of curing
 k - 2 potions of heal wounds
 m - 4 potions of cancellation
 p - 3 potions of mutation
 t - a potion of haste
 z - a potion of resistance
 B - 2 potions of lignification
 D - 2 potions of enlightenment
 F - 3 potions of might
 X - 2 potions of invisibility
Miscellaneous
 K - a condenser vane


   Skills:
 + Level 7.8 Fighting
 + Level 3.9 Short Blades
 * Level 16.9 Ranged Weapons
 + Level 11.1 Dodging
 + Level 11.8 Stealth
 + Level 8.1 Spellcasting
 + Level 8.1 Hexes
 + Level 7.6 Invocations
 - Level 2.0 Evocations


You had 16 spell levels left.
You knew the following spells:

 Your Spells              Type           Power      Damage    Failure   Level
a - Tukima's Dance        Hex            32%        N/A       1%          3
b - Yara's Violent Unrav  Hex/Tmut       9%         3d6       50%         5
c - Passage of Golubria   Tloc           6%         N/A       73%         4

Your spell library contained the following spells:

 Spells                   Type           Power      Damage    Failure   Level
 Slow                     Hex            100%       N/A       1%          1
 Confusing Touch          Hex            32%        N/A       1%          3
 Sigil of Binding         Hex            32%        N/A       1%          3
 Dazzling Flash           Conj/Hex       38%        N/A       6%          3
 Summon Guardian Golem    Hex/Summ       19%        N/A       6%          3
 Freeze                   Ice            24%        1d4       11%         1
 Summon Small Mammal      Summ           24%        N/A       11%         1
 Call Canine Familiar     Summ           6%         N/A       32%         3
 Frozen Ramparts          Ice            12%        1d2       32%         3
 Hailstorm                Conj/Ice       6%         3d4       32%         3
 Vampiric Draining        Necr           6%         2d6       32%         3
 Volatile Blastmotes      Fire/Tloc      12%        2d11      32%         3
 Animate Dead             Necr           6%         N/A       73%         4
 Summon Ice Beast         Ice/Summ       6%         N/A       73%         4
 Simulacrum               Ice/Necr       3%         N/A       100%        6
 Starburst                Conj/Fire      3%         6d3       100%        6
 Haunt                    Necr/Summ      3%         N/A       100%        7
 Infestation              Necr           3%         N/A       100%        8
 Maxwell's Capacitive Co  Air            3%         ∞         100%        8


Dungeon Overview and Level Annotations

Branches:
Dungeon (11/15)            Temple (1/1) D:7            Lair (4/5) D:10
 Shoals (0/4) Lair:2        Snake (0/4) Lair:2        Slime (0/5) Lair:4
    Orc (0/2) D:10        Gauntlet (visited)

Altars:
Ashenzari
Cheibriados
Dithmenos
Elyvilon
Fedhas
Gozag
Hepliaklqana
Kikubaaqudgha
Makhleb
Nemelex Xobeh
Okawaru
Qazlal
Ru
Sif Muna
Trog
Uskayaw
Vehumet
Wu Jian
Xom
Yredelemnul
Zin
The Shining One
Jiyva

Shops:
D:2 :   D:3 [(:**   D:4 (

Portals:
Trove: D:11 (give +3 gold dragon scales)

Annotations:
D:9 exclusion: two-headed ogre
D:10 Psyche
Lair:4 1 transporter


Message History

You shoot a bolt. The bolt hits the slime creature!
The bolt burns the slime creature!
The slime creature is almost dead.
Your briar patch is engulfed in calcifying dust.
The bush is engulfed in calcifying dust.
Your briar patch is engulfed in calcifying dust.
Your briar patch turns to stone!
The slime creature misses you.
Unknown command.
Unknown command.
You shoot a bolt. The bolt hits the slime creature.
The bolt burns the slime creature.
The slime creature is almost dead.
Your briar patch is engulfed in calcifying dust. x2
The slime creature hits you. The catoblepas misses you.
Unknown command.
Unknown command.
You shoot a bolt. The bolt hits the slime creature!
The bolt burns the slime creature.
You kill the slime creature!
Fedhas accepts your kill.
Your briar patch is engulfed in calcifying dust. x2
The catoblepas barely misses you.
Unknown command.
Unknown command.
You shoot a bolt. The bolt hits the catoblepas!!
The bolt burns the catoblepas.
The catoblepas is severely wounded.
Your briar patch is no longer petrified.
Your briar patch is engulfed in calcifying dust.
The catoblepas gores you!!
* * * LOW HITPOINT WARNING * * *
Unknown command.
You shoot a bolt. The bolt hits the catoblepas!
The bolt burns the catoblepas!
The catoblepas is almost dead.
The bush is no longer petrified.
Your briar patch is engulfed in calcifying dust.
Your briar patch is no longer petrified.
The catoblepas gores you!!
You die...
Fedhas appreciates your contribution to the ecosystem.

...................~~≈≈~>~≈≈~~...
....................~≈≈~..≈≈~....
...................~~≈≈~~~≈≈~....
....................~~≈≈≈≈≈~.....
.....................~~~≈≈~~~....
#.##.P#.................~~....#.#
.##P.##......###.#.#.....##...###
.......#......##..##......##..###
......##.....#.°@☼.#......#.....#
..>....#....P.PY○...§....###.....
......##.....PP...#P......####.##
............P####.##.....####..##
#.####.......##.#.PP.....###...P#
#..†.##..........................
................P................
.###..###.....##.P############.#.
## #### ##.######## ####


You could see a catoblepas (ally target).

Vanquished Creatures
  A minotaur (Gauntlet)
  A dire elephant (Gauntlet)
  A catoblepas (Lair:3)
  A two-headed ogre (D:7)
  3 ugly things (D:11)
  Maurice (D:8)
  9 elephants
  5 black mambas
  A cyclops (D:7)
  11 cane toads
  Jeremiah (D:6)
  5 rime drakes
  9 komodo dragons
  5 trolls
  7 hornets
  7 blink frogs
  A vampire (D:11)
  2 shadows
  A wraith (D:11)
  2 slime creatures
  27 yaks
  3 wyverns
  Grum (Lair:1)
  4 basilisks
  Menkaure (D:7)
  3 acid dragons
  Duvessa (D:7)
  2 large abominations (Gauntlet)
  4 nagas (Lair:2)
  15 water moccasins
  3 sky beasts
  An orc warrior (D:10)
  A black bear (D:8)
  5 small abominations (Gauntlet)
  6 ice beasts
  6 centaurs
  2 ogres
  5 wolves
  2 kobold brigands
  15 bullfrogs
  A gnoll sergeant (D:7)
  4 scorpions
  8 wights
  6 killer bees (D:9)
  Dowan (D:7)
  4 howler monkeys
  3 crimson imps (D:4)
  11 hounds
  2 jellies
  Crazy Yiuf (D:4)
  4 orc priests
  2 gnoll boudas
  2 sleepcaps (D:6)
  Natasha (thrice) (D:4)
  4 iguanas
  5 orc wizards
  11 gnolls
  7 adders
  3 white imps
  5 worms
  30 orcs
  3 bats (D:3)
  13 endoplasms
  6 giant cockroaches
  5 goblins
  7 hobgoblins
  4 jackals (D:1)
  12 kobolds
  4 quokkas
  19 ball pythons
  3 frilled lizards (D:1)
  5 rats (D:1)
379 creatures vanquished.

Vanquished Creatures (others)
  A sleepcap (D:7)
1 creature vanquished.

Grand Total: 380 creatures vanquished

Notes
Turn   | Place    | Note
-------+----------+-------------------------------------------
     0 | D:1      | 12345 the Deep Elf Hunter began the quest for the Orb.
     0 | D:1      | Reached XP level 1. HP: 12/12 MP: 3/3
   135 | D:1      | Reached XP level 2. HP: 17/17 MP: 4/4
   377 | D:1      | Reached XP level 3. HP: 18/21 MP: 5/5
   739 | D:2      | Found Komah's Book Shop.
   873 | D:2      | Reached skill level 6 in Ranged Weapons
  1880 | D:3      | Found Kimouder's Assorted Antiques.
  1889 | D:3      | Bought a metallic black potion for 18 gold pieces
  1889 | D:3      | Bought a murky emerald potion for 18 gold pieces
  1889 | D:3      | Bought a scroll labelled JAQEPLA BUAROD for 20 gold pieces
  1889 | D:3      | Bought a fuming ruby potion for 18 gold pieces
  1939 | D:3      | Reached XP level 4. HP: 19/26 MP: 6/6
  2135 | D:3      | Found Gaadyly's Antique Weapon Emporium.
  2196 | D:3      | Found Katsojid's Antique Armour Shoppe.
  2277 | D:3      | Found Baontuog's Book Boutique.
  2455 | D:3      | Found Wyhuashu's Assorted Antiques.
  2466 | D:3      | Bought a metallic black potion for 19 gold pieces
  2492 | D:4      | Noticed an ogre
  2837 | D:4      | Reached XP level 5. HP: 30/30 MP: 7/7
  2943 | D:3      | Found Baontuog's Book Boutique.
  3006 | D:3      | Found Gaadyly's Antique Weapon Emporium.
  3056 | D:3      | Found Kimouder's Assorted Antiques.
  3378 | D:3      | Found Wyhuashu's Assorted Antiques.
  3484 | D:3      | Found Katsojid's Antique Armour Shoppe.
  3826 | D:4      | Found Viriah's Weapon Shop.
  4006 | D:4      | Killed an ogre
  4007 | D:4      | Reached skill level 7 in Ranged Weapons
  4036 | D:3      | Bought a scroll labelled ZIG BUAXKE for 22 gold pieces
  4145 | D:4      | Reached XP level 6. HP: 36/36 MP: 8/8
  4381 | D:4      | Noticed Natasha
  4382 | D:4      | Found a runed translucent door.
  4383 | D:4      | Identified the +2 hammer of Dismemberment {heavy, Fly rN+++
                  | Int-2 SInv}
  4388 | D:4      | Killed Natasha
  4397 | D:4      | Noticed Crazy Yiuf
  4416 | D:4      | Identified the +3 hammer of Qut Piw {heavy, Int+2}
  4532 | D:4      | Noticed Natasha
  4540 | D:4      | Killed Natasha
  4612 | D:4      | Found a shimmering altar of Xom.
  4658 | D:4      | Reached skill level 8 in Ranged Weapons
  4794 | D:4      | Noticed Natasha
  4799 | D:4      | Killed Natasha
  4800 | D:4      | Reached XP level 7. HP: 41/41 MP: 9/9
  4876 | D:5      | Entered Level 5 of the Dungeon
  5275 | D:3      | Bought 3 scrolls labelled VOHAERE ALLI for 66 gold pieces
  5465 | D:5      | Found a burning altar of Makhleb.
  5465 | D:5      | Found a sparkling altar of Nemelex Xobeh.
  5467 | D:5      | Found an ornate altar of the Wu Jian Council.
  5467 | D:5      | Found a sacrificial altar of Ru.
  5467 | D:5      | Found a basalt altar of Yredelemnul.
  5467 | D:5      | Found a radiant altar of Vehumet.
  6443 | D:5      | Reached skill level 5 in Dodging
  6667 | D:5      | Found a hazy altar of Hepliaklqana.
  6667 | D:5      | Found a shimmering blue altar of Sif Muna.
  6676 | D:5      | Found an iron altar of Okawaru.
  6677 | D:5      | Found a bloodstained altar of Trog.
  6677 | D:5      | Found an opulent altar of Gozag.
  6715 | D:5      | Reached skill level 9 in Ranged Weapons
  6715 | D:5      | Reached skill level 5 in Stealth
  6954 | D:5      | Found a burning altar of Makhleb.
  6954 | D:5      | Found a sparkling altar of Nemelex Xobeh.
  6955 | D:5      | Found an ornate altar of the Wu Jian Council.
  6955 | D:5      | Found a basalt altar of Yredelemnul.
  6955 | D:5      | Found a radiant altar of Vehumet.
  6956 | D:5      | Found a sacrificial altar of Ru.
  6957 | D:5      | Found a hazy altar of Hepliaklqana.
  6957 | D:5      | Found a shimmering blue altar of Sif Muna.
  6958 | D:5      | Found an iron altar of Okawaru.
  6959 | D:5      | Found a bloodstained altar of Trog.
  6959 | D:5      | Found an opulent altar of Gozag.
  7212 | D:6      | Reached XP level 8. HP: 24/48 MP: 10/10
  7651 | D:6      | Noticed Jeremiah
  7716 | D:6      | Reached skill level 10 in Ranged Weapons
  8052 | D:6      | Reached skill level 11 in Ranged Weapons
  8086 | D:6      | Reached XP level 9. HP: 52/52 MP: 11/11
  8681 | D:7      | Noticed Duvessa
  8840 | D:7      | Found a staircase to the Ecumenical Temple.
  8848 | Temple   | Entered the Ecumenical Temple
  8856 | Temple   | Became a worshipper of Fedhas Madash
  8960 | D:7      | Noticed Menkaure
  8976 | D:7      | Killed Menkaure
  8987 | D:7      | Noticed Dowan
  9010 | D:7      | Killed Duvessa
  9011 | D:7      | Reached skill level 1 in Invocations
  9018 | D:7      | Killed Dowan
  9114 | D:7      | Found a shadowy altar of Dithmenos.
  9178 | D:7      | Reached skill level 5 in Fighting
  9361 | D:7      | Reached skill level 12 in Ranged Weapons
  9534 | D:7      | Reached skill level 1 in Evocations
  9633 | D:7      | Noticed a two-headed ogre
  9633 | D:7      | Noticed a cyclops
  9633 | D:7      | Noticed a troll
  9721 | D:7      | Found a staircase to the Ecumenical Temple.
  9982 | D:7      | Found a shadowy altar of Dithmenos.
 10137 | D:8      | Reached * piety under Fedhas
 10402 | D:8      | Noticed Maurice
 10415 | D:8      | Killed Maurice
 10416 | D:8      | Reached XP level 10. HP: 47/59 MP: 14/14
 10796 | D:8      | Learned a level 3 spell: Tukima's Dance
 11133 | D:9      | Reached skill level 13 in Ranged Weapons
 11133 | D:9      | Reached skill level 1 in Spellcasting
 11133 | D:9      | Reached skill level 1 in Hexes
 11417 | D:9      | Found a glowing golden altar of the Shining One.
 11816 | D:9      | Found a broken altar of Ashenzari.
 11825 | D:9      | Noticed a two-headed ogre
 11875 | D:9      | Found a snail-covered altar of Cheibriados.
 11878 | D:9      | Reached ** piety under Fedhas
 12171 | D:10     | Entered Level 10 of the Dungeon
 12469 | D:10     | Found a staircase to the Lair.
 12678 | D:10     | Noticed Psyche
 12831 | D:10     | Reached XP level 11. HP: 58/64 MP: 18/18
 12858 | D:10     | Found a staircase to the Orcish Mines.
 13237 | D:9      | HP: 3/64 [something (7)]
 13567 | D:3      | Bought a slimy marble ring for 110 gold pieces
 13567 | D:3      | Identified the ring of Zin's Castigation {*Corrode rPois
                  | Will+ Str+5 Int+6} (You bought it in a shop on level 3 of
                  | the Dungeon)
 13567 | D:3      | Bought an onyx ring for 110 gold pieces
 13628 | D:4      | Killed Crazy Yiuf
 14123 | D:6      | Killed Jeremiah
 14157 | D:7      | Found a staircase to the Ecumenical Temple.
 14164 | D:7      | Reached skill level 14 in Ranged Weapons
 14228 | D:7      | Found a staircase to the Ecumenical Temple.
 14350 | D:7      | Killed a two-headed ogre
 14351 | D:7      | Reached skill level 1 in Short Blades
 14373 | D:7      | Reached *** piety under Fedhas
 14539 | D:7      | Found a shadowy altar of Dithmenos.
 15044 | D:11     | Found a flickering gateway to a bazaar.
 15053 | D:11     | Noticed a cyan ugly thing
 15062 | D:11     | Killed a cyan ugly thing
 15063 | D:11     | Reached skill level 5 in Invocations
 15314 | D:11     | Found an iron altar of Okawaru.
 15422 | D:11     | Noticed a cyan ugly thing
 15433 | D:11     | Killed a cyan ugly thing
 15771 | D:11     | Found a portal to a secret trove of treasure.
 15869 | D:11     | Noticed a green ugly thing
 15887 | D:11     | Killed a green ugly thing
 15951 | Bazaar   | Entered a bazaar
 15951 | Bazaar   | Found Jodies's Antique Armour Boutique.
 15951 | Bazaar   | Found Baixzauj's Antique Weapon Shop.
 15951 | Bazaar   | Found Touki's Antique Weapon Shoppe.
 15953 | Bazaar   | Found Gobei's Assorted Antiques.
 15953 | Bazaar   | Found Aforibib's Weapon Shop.
 15996 | Bazaar   | Bought a scintillating graven amulet for 165 gold pieces
 15996 | Bazaar   | Identified the amulet "Haehuec" {Acrobat Dex+3} (You bought
                  | it in a shop in a bazaar)
 16006 | Bazaar   | Bought a +2 hand cannon of flaming for 201 gold pieces
 16094 | Lair:1   | Entered Level 1 of the Lair of Beasts
 16098 | Lair:1   | Reached skill level 5 in Spellcasting
 16103 | Lair:1   | Reached skill level 5 in Hexes
 16157 | Lair:1   | Reached skill level 10 in Stealth
 16311 | Lair:1   | Noticed Grum
 16318 | Lair:1   | Killed Grum
 16806 | Lair:2   | Found a gate leading to a gauntlet.
 16806 | Lair:2   | Found a staircase to the Shoals.
 16834 | Lair:2   | Reached skill level 15 in Ranged Weapons
 16835 | Lair:2   | Reached **** piety under Fedhas
 16836 | Lair:2   | Reached XP level 12. HP: 71/71 MP: 22/22
 17046 | Gauntlet | Entered a Gauntlet
 17046 | Gauntlet | Noticed a dire elephant
 17046 | Gauntlet | Found a transporter.
 17046 | Gauntlet | Found a transporter.
 17046 | Gauntlet | Found a transporter.
 17050 | Gauntlet | Found a transporter.
 17050 | Gauntlet | Found a transporter.
 17056 | Gauntlet | Noticed a death scarab
 17060 | Gauntlet | Found a transporter.
 17126 | Gauntlet | Found a transporter.
 17136 | Gauntlet | Found a transporter.
 17151 | Gauntlet | Found a transporter.
 17160 | Gauntlet | Noticed a death scarab
 17161 | Gauntlet | Found a transporter.
 17176 | Gauntlet | Found a transporter.
 17182 | Gauntlet | Found a transporter.
 17525 | Gauntlet | Learned a level 5 spell: Yara's Violent Unravelling
 17530 | Gauntlet | Learned a level 4 spell: Passage of Golubria
 17621 | Gauntlet | Reached skill level 10 in Dodging
 17626 | Gauntlet | Identified the amulet "Essegut" {Faith MP+9 Stlth+}
 17655 | Gauntlet | Killed a dire elephant
 17698 | Gauntlet | Identified the +2 pair of gloves of Defiance {Str+4}
 17928 | Gauntlet | Identified the +6 whip of Gonnusk {vamp, Str-3 Int+5}
 17928 | Gauntlet | Noticed a minotaur
 17943 | Gauntlet | Killed a minotaur
 18065 | Gauntlet | Identified the +0 flail "Fauc" {drain, rPois rN+ Int+3}
 18335 | Lair:2   | Reached skill level 16 in Ranged Weapons
 18418 | Lair:2   | Found a staircase to the Snake Pit.
 19155 | Lair:3   | Noticed a catoblepas
 19164 | Lair:3   | Killed a catoblepas
 19164 | Lair:3   | Reached ***** piety under Fedhas
 19168 | Lair:3   | Reached XP level 13. HP: 76/76 MP: 24/26
 20777 | Lair:4   | Found a transporter.
 20922 | Lair:4   | Found a staircase to the Slime Pits.
 20922 | Lair:4   | Found a viscous altar of Jiyva.
 20958 | Lair:3   | Slain by a catoblepas

Illustrated notes

Levels and vault maps discovered:
D:1:      lemuel_arrival_room, layout_basic
D:2:      layout_basic, serial_shops, shop
D:3:      layout_basic, serial_shops, shop, shop,
          nicolae_shop_competitors_out_of_business, nicolae_lakefront_shop,
          nicolae_shop_scrapyard
D:4:      layout_loops_ring, led_xom_imps, serial_shops, shop, nrook_uturn,
          minmay_snake_closets, uniq_crazy_yiuf_cottage, uniq_natasha
D:5:      layout_rooms, nicolae_overflows_in_rows
D:6:      layout_cave_pools, minmay_misc_feat_encased, wad_rectangle_vault,
          uniq_jeremiah
D:7:      minmay_chambers_of_sevens, layout_basic, lemuel_round_altar,
          minmay_temple_entry_glassed_door, uniq_menkaure, uniq_duvessa
D:8:      layout_rooms, uniq_maurice
D:9:      lemuel_ice_spiral_2, layout_rooms, slow_altar_1,
          mainiacjoe_overflow_brackets, mainiacjoe_overflow_six_doors_small
D:10:     layout_rooms, erik_lair_island, hiddenorc1_lemuel, uniq_psyche
D:11:     layout_cave_pools, nicolae_trove_entry_diagonal, serial_shops,
          bzr_entry_islet, hellmonk_okawaru_the_only_friend_you_need
Temple:   nicolae_temple_two_arcs
Lair:1:   layout_loops_ring, chequers_serial_rivers_marsh, uniq_grum
Lair:2:   layout_loops_ring, shoals_dummy_entry,
          minmay_snake_entry_guardpost_small, gauntlet_entry_generic,
          grunt_forest_small_clearings, beast_lair_carwin_6, grunt_megastairs_1
Lair:3:   layout_regular_city, infiniplex_staircase_pool_2
Lair:4:   gammafunk_boulding_lane, layout_cave_pods, minmay_slime_entry_pillars

Skill      XL: |  1  2  3  4  5  6  7  8  9 10 11 12 13 |
---------------+----------------------------------------+-----
Stealth        | 2 3 4 5 6 8 9 10 11 | 11.8
Dodging        | 3 4 5 6 8 9 10 11 | 11.1
Fighting       | 2 3 4 5 6 7 |  7.8
Ranged Weapons | 6 7 8 9 11 12 13 15 16 | 16.9
Invocations    | 3 4 5 7 |  7.6
Evocations     | 1 2 |  2.0
Spellcasting   | 3 5 7 8 |  8.1
Hexes          | 3 5 7 8 |  8.1
Short Blades   | 3 |  3.9

Action                     |  1- 3 |  4- 6 |  7- 9 | 10-12 | 13-15 || total
---------------------------+-------+-------+-------+-------+-------++-------
  Melee: Mace              |       |     2 |    28 |       |       ||    30
         Punch             |       |       |     1 |       |       ||     1
         Short sword       |       |       |       |     4 |       ||     4
   Fire: Shortbow          |   127 |   176 |   418 |       |       ||   721
         Orcbow            |       |       |    51 |   595 |       ||   646
         Hand cannon       |       |       |       |   213 |   156 ||   369
  Throw: Dart              |       |     5 |       |       |       ||     5
 Invoke: Overgrow          |       |       |       |     1 |       ||     1
         Wall of Briars    |       |       |       |       |     1 ||     1
  Evoke: Wand              |       |       |     1 |     8 |       ||     9
    Use: Scroll            |     1 |     1 |     4 |    15 |     4 ||    25
         Potion            |       |       |       |     3 |     1 ||     4
   Stab: Sleeping          |       |       |       |     4 |       ||     4
 Armour: Leather armour    |    24 |       |       |       |       ||    24
         Robe              |     8 |    25 |   112 |   168 |    49 ||   362
         Skin              |       |       |       |    19 |       ||    19
  Dodge: Dodged            |    38 |    28 |   169 |   277 |    82 ||   594

Table legend: (Time is in decaauts)
 A = Elapsed time spent in this place.
 B = Non-inter-level travel time spent in this place.
 C = Inter-level travel time spent in this place.
 D = Time resting spent in this place.
 E = Time spent auto-exploring this place.
 F = Levels seen in this place.
 G = Mean time per level.
                   A        B        C        D        E       F      G
               +--------+--------+--------+--------+--------+-----+--------+
         Total |  20920 |  19315 |   1605 |   4834 |   9813 |  18 | 1162.2 |
       Dungeon |  15924 |  14432 |   1492 |   3712 |   7526 |  11 | 1447.6 |
        Temple |     16 |     14 |      2 |      0 |      0 |   1 |   16.0 |
          Lair |   3859 |   3748 |    111 |    919 |   2062 |   4 |  964.8 |
        Bazaar |     86 |     86 |      0 |      0 |     17 |   1 |   86.0 |
      Gauntlet |   1033 |   1033 |      0 |    202 |    208 |   1 | 1033.0 |
               +--------+--------+--------+--------+--------+-----+--------+

Top non-repeatable levels by time:
     D:7: 2277 daAuts
     D:3: 2120 daAuts
     D:5: 2116 daAuts
     D:9: 1843 daAuts
     D:4: 1667 daAuts
     D:6: 1570 daAuts
  Lair:3: 1413 daAuts
  Lair:2: 1242 daAuts
Gauntlet: 1033 daAuts
     D:2: 1008 daAuts
     D:8: 944 daAuts
    D:11: 937 daAuts
     D:1: 752 daAuts
  Lair:1: 727 daAuts
    D:10: 686 daAuts
